 Dungeon Crawl Stone Soup version 0.20.1-1-g8b1a95d (webtiles) character file.

105 InspectorIrate the Ruffian (level 4, -2/38 HPs)
             Began as a Ghoul Monk on Sept 12, 2017.
             Slain by an orc warrior
             ... wielding a +0 hand axe
              (18 damage)
             ... on level 2 of the Dungeon.
             The game lasted 00:08:14 (2352 turns).

InspectorIrate the Ruffian (Ghoul Monk)             Turns: 2352, Time: 00:08:15

Health: -2/38      AC:  3    Str: 14    XL:     4   Next: 83%
Magic:  3/3        EV: 13    Int:  5    God:
Gold:   196        SH:  3    Dex: 12    Spells: 3/3 levels left

rFire    . . .     SeeInvis .     - Unarmed
rCold    + . .     Gourm    .   (no shield)
rNeg     + + +     Faith    .   a - +1 robe
rPois    ∞         Spirit   .   (no helmet)
rElec    .         Reflect  +   (no cloak)
rCorr    .         Harm     .   (no gloves)
MR       .....                  (no boots)
Stlth    ++........             i - +3 amulet of reflection
Regen    0.0/turn               (no ring)
MPRegen  0.1/turn               (no ring)

@: rotting
A: rotting body, claws 1, carnivore 3, cold resistance 1, negative energy
resistance 3, inhibited regeneration, torment resistance, unbreathing
a: no special abilities


You were on level 2 of the Dungeon.
You were not hungry.

You visited 1 branch of the dungeon, and saw 3 of its levels.

You collected 196 gold pieces.

Inventory:

Hand Weapons
 c - a cursed -2 whip
Missiles
 j - 120 stones (quivered)
Armour
 a - a +1 robe (worn)
Jewellery
 i - a +3 amulet of reflection (around neck)
Scrolls
 e - a scroll of remove curse
 h - a scroll of magic mapping
 l - 2 scrolls of enchant armour
 n - 2 scrolls of identify
Potions
 g - 4 potions of lignification
 m - a potion of curing
Comestibles
 b - 3 meat rations
 d - a royal jelly


   Skills:
 + Level 3.5 Fighting
 - Level 0.8 Throwing
 + Level 3.4 Dodging
 * Level 2.5 Stealth
 * Level 4.7 Unarmed Combat


You had 3 spell levels left.
You didn't know any spells.

Dungeon Overview and Level Annotations

Branches:
Dungeon (3/15)

Altars:


Innate Abilities, Weirdness & Mutations

Your body is rotting away.
You thrive on raw meat.
You are immune to poison.
You have sharp fingernails.
You are carnivorous and can eat meat at any time.
Your flesh is cold resistant. (rC+)
You are immune to negative energy. (rN+++)
You do not regenerate when monsters are visible.
You are immune to unholy pain and torment.
You can survive without breathing.


Message History

It was a potion of heal wounds.
You feel much better.
The orc warrior hits you but does no damage.
You scratch the orc warrior but do no damage.
The orc warrior is moderately wounded.
You closely miss the orc warrior. Your claw misses the orc warrior.
The orc warrior is moderately wounded.
The orc warrior barely misses you.
You barely miss the orc warrior.
The orc warrior is moderately wounded.
The orc warrior hits you with a hand axe!
You scratch the orc warrior but do no damage.
The orc warrior is moderately wounded.
The orc warrior hits you with a hand axe.
You barely miss the orc warrior.
The orc warrior is moderately wounded.
The orc warrior hits you with a hand axe!
You scratch the orc warrior.
The orc warrior is moderately wounded.
The orc warrior hits you with a hand axe!!
You die...

♣♣♣♣♣♣
♣.♣..♣♣
♣♣♣
♣♣....♣
♣♣@♣
♣.....♣
♣o.♣
♣♣...)♣
♣♣.♣♣
♣♣♣...♣♣
♣.♣♣ ####
♣♣...♣♣♣
♣.♣
####..#
♣♣.♣♣.♣
♣♣.♣
####....##
♣.♣♣♣♣♣
♣.♣♣
#.....###
♣)♣ ♣.♣
#.#.###
.♣♣ ♣♣♣.♣
#.#.#


You could see an orc warrior.

Vanquished Creatures
  3 adders
  An ooze (D:3)
  4 worms
  2 leopard geckos
  An orc (D:3)
  A giant cockroach (D:2)
  4 goblins
  6 hobgoblins
  8 jackals
  7 kobolds
  2 quokkas
  2 ball pythons
  8 bats
  2 frilled lizards (D:1)
  4 rats
55 creatures vanquished.

Notes
Turn   | Place    | Note
-------+----------+-------------------------------------------
     0 | D:1      | InspectorIrate the Ghoul Monk began the quest for the Orb.
     0 | D:1      | Reached XP level 1. HP: 19/19 MP: 0/0
   167 | D:1      | Reached XP level 2. HP: 19/25 MP: 1/1
  1254 | D:1      | Reached XP level 3. HP: 26/31 MP: 2/2
  1413 | D:2      | Reached skill level 4 in Unarmed Combat
  1536 | D:2      | Reached XP level 4. HP: 38/38 MP: 3/3
  2284 | D:3      | Noticed an orc warrior
  2352 | D:2      | Slain by an orc warrior

Skill      XL: |  1  2  3 |
---------------+----------+-----
Dodging        | 3 |  3.4
Unarmed Combat | 4 |  4.7
Fighting       | |  3.5
Throwing       | |  0.8
Stealth        | |  2.5

Action                   |  1- 3 |  4- 6 || total
-------------------------+-------+-------++-------
Melee: Unarmed           |    94 |    83 ||   177
       Punch             |       |     2 ||     2
Throw: Stone             |    25 |    17 ||    42
  Use: Scroll            |     7 |     2 ||     9
       Potion            |       |     2 ||     2
 Stab: Sleeping          |     1 |     2 ||     3
  Eat: Chunk             |    11 |     7 ||    18
       Meat ration       |     2 |       ||     2
Armor: Robe              |    26 |     8 ||    34
Dodge: Dodged            |    85 |    36 ||   121
Block: Other             |     2 |     8 ||    10
